 Dungeon Crawl Stone Soup version 0.30-a0-830-gfe289a77b0 (webtiles) character file.

Game seed: 1832839029033987210

23716 Nacht the Destroyer (level 12, -2/115 HPs)
             Began as a Demonspawn Earth Elementalist on Feb 28, 2023.
             Was an Elder of Vehumet.
             Slain by a cane toad (17 damage)
             ... on level 2 of the Lair of Beasts.
             The game lasted 00:22:38 (18207 turns).

Nacht the Destroyer (DsEE)                         Turns: 18207, Time: 00:22:39

Health: -2/115     AC: 26    Str: 10    XL:     12   Next: 74%
Magic:  3/28       EV:  2    Int: 23    God:    Vehumet [****..]
Gold:   911        SH:  0    Dex: 18    Spells: 29/35 levels left

rFire   + . .      SeeInvis .    J - staff of conjuration
rCold   . . .      Faith    .    (no shield)
rNeg    . . .      Spirit   .    (body armour currently unavailable)
rPois   +          Reflect  .    (helmet currently unavailable)
rElec   .          Harm     .    (cloak currently unavailable)
rCorr   .          Rampage  .    (gloves currently unavailable)
Will    .....      NoTele   +    (boots currently unavailable)
Stlth   +++                      (no amulet)
HPRegen 3.39/turn                l - +5 ring of evasion
MPRegen 0.21/turn                A - ring "Teorixiw" {rF+ Int+3 Dex+4 Stlth+}

@: tree-form
A: stationary, stasis, torment immunity, boosted hp, (slimy green scales 1),
powered by death 2, powered by pain 1, (demonic touch 1)
a: Renounce Religion


You were on level 2 of the Lair of Beasts.
You worshipped Vehumet.
Vehumet was greatly pleased with you.
You were a tree.
You visited 3 branches of the dungeon, and saw 15 of its levels.

You collected 911 gold pieces.

Inventory:

Hand Weapons
 x - a +2 short sword of venom
Missiles
 G - 3 throwing nets
 H - a curare-tipped dart
 I - 17 poisoned darts
Armour
 h - a +2 cloak of poison resistance (melded)
 i - a +0 helmet (melded)
 u - a +1 leather armour of positive energy (melded)
 O - a +0 pair of gloves (melded)
Magical Staves
 J - a staff of conjuration (weapon)
Jewellery
 l - a +5 ring of evasion (left branch)
 t - a +5 ring of evasion
 z - a ring of resist corrosion
 A - the ring "Teorixiw" (right branch) {rF+ Int+3 Dex+4 Stlth+}
   (You found it on level 5 of the Dungeon)

   [ring of protection from fire]

   Int:       It affects your intelligence (+3).
   Dex:       It affects your dexterity (+4).
   rF:        It protects you from fire.
   Stlth:     It makes you more stealthy.
 E - a ring of flight
 M - a ring of protection from fire
 N - a ring of willpower
Wands
 n - a wand of digging (6)
 o - a wand of charming (7)
 p - a wand of roots (21)
 D - a wand of flame (34)
Scrolls
 a - 3 scrolls of fog
 c - 3 scrolls of immolation
 d - 4 scrolls of silence
 e - 2 scrolls of blinking {unknown}
 f - a scroll of identify
 g - a scroll of brand weapon {unknown}
 j - 4 scrolls of teleportation
 k - 4 scrolls of poison {unknown}
 m - 2 scrolls of vulnerability {unknown}
 s - a scroll of enchant armour {unknown}
 w - a scroll of amnesia
 y - 7 scrolls of enchant weapon
 B - 2 scrolls of torment {unknown}
 C - 3 scrolls of magic mapping
Potions
 b - 5 potions of curing
 q - 2 potions of brilliance
 r - 4 potions of lignification
 v - a potion of haste
 F - a potion of mutation
 K - a potion of flight
 L - a potion of cancellation


   Skills:
 + Level 1.6 Fighting
 + Level 2.4 Dodging
 - Level 1.7 Stealth
 - Level 12.0 Spellcasting
 - Level 12.0 Conjurations
 - Level 0.8 Transmutations
 - Level 12.0 Earth Magic


You had 29 spell levels left.
You knew the following spells:

 Your Spells              Type           Power      Damage    Failure   Level
a - Sandblast             Erth           100%       2d20      1%          1
b - Stone Arrow           Conj/Erth      100%       3d13      1%          3
w - Passwall              Tmut/Erth      35%        N/A       1%          2

Your spell library contained the following spells:

 Spells                   Type           Power      Damage    Failure   Level
 Airstrike                Air            6%         2d(1-17)  12%         4
 Beastly Appendage        Tmut           34%        N/A       3%          1
 Petrify                  Tmut/Erth      43%        N/A       3%          4
 Wereblood                Tmut           17%        N/A       4%          2
 Cigotuvi's Dreadful Rot  Necr/Pois/Air  26%        N/A       7%          2
 Borgnjor's Vile Clutch   Necr/Erth      20%        N/A       11%         5
 Spider Form              Tmut/Pois      15%        N/A       12%         3
 Portal Projectile        Hex/Tloc       26%        N/A       14%         3
 Tukima's Dance           Hex            13%        N/A       14%         3
 Animate Dead             Necr           13%        N/A       41%         4
 Cause Fear               Hex            6%         N/A       41%         4
 Dispel Undead            Necr           13%        3d9       41%         4
 Statue Form              Tmut/Erth      28%        N/A       45%         6
 Blade Hands              Tmut           8%         N/A       65%         5
 Alistair's Intoxication  Tmut/Pois      10%        N/A       71%         5
 Metabolic Englaciation   Hex/Ice        6%         N/A       77%         5
 Eringya's Noxious Bog    Tmut/Pois      7%         N/A       78%         6
 Death Channel            Necr           6%         N/A       100%        6
 Dragon Form              Tmut           8%         N/A       100%        7
 Dragon's Call            Summ           6%         N/A       100%        9


Dungeon Overview and Level Annotations

Branches:
Dungeon (12/15)            Temple (1/1) D:6            Lair (2/5) D:9
 Spider (0/4) Lair:2
  Swamp: Lair:2-3    Shoals: Lair:2-3       Orc: D:9-12

Altars:
Ashenzari
Cheibriados
Dithmenos
Hepliaklqana
Kikubaaqudgha
Makhleb
Nemelex Xobeh
Okawaru
Qazlal
Ru
Trog
Vehumet
Wu Jian
Xom
Yredelemnul

Shops:
D:7 *

Annotations:
D:5 6 runed translucent doors, cforsyth's ghost, amateur KoBr; zenocrate's ghost, novice TrFi
D:6 1 runed translucent door, Crazy Yiuf
D:7 3 runed translucent doors, Likado's ghost, novice MfSu; demibob's ghost, novice TrBe


Innate Abilities, Weirdness & Mutations

You are a tree.
Your roots penetrate the ground, keeping you stationary.
You cannot be teleported.
You are immune to unholy pain and torment.
Your maximum health is greatly increased.
Your equipment is partially melded.
((You are partially covered in slimy green scales. (AC +2)))
You regenerate health from kills.
You sometimes gain a little power by taking damage.
((Your touch may inflict minor irresistible damage on your foes.))


Message History

The cane toad stings you but does no damage. x2
The yak gores you but does no damage.
Casting: Sandblast (safe; 1% risk of failure)
Confirm with . or Enter, or press ? or * to list all spells.
Aiming: Sandblast (safe; 1% risk of failure)
Press: ? - help, Shift-Dir - straight line, f - cane toad
Aim: a cane toad (87% to hit)
The blast of sand hits the cane toad.
The cane toad is lightly wounded.
The cane toad stings you. The yak gores you but does no damage.
The cane toad stings you!
* * * LOW HITPOINT WARNING * * *
Casting: Sandblast (safe; 1% risk of failure)
Confirm with . or Enter, or press ? or * to list all spells.
Aiming: Stone Arrow (safe; 1% risk of failure)
Press: ? - help, Shift-Dir - straight line, f/p - cane toad
Aim: a cane toad (lightly wounded, 81% to hit)
You feel a surge of power!
The stone arrow hits the cane toad!
The cane toad is moderately wounded.
The yak gores you but does no damage. The cane toad stings you!
* * * LOW HITPOINT WARNING * * *
Casting: Stone Arrow (safe; 1% risk of failure)
Confirm with . or Enter, or press ? or * to list all spells.
Aiming: Stone Arrow (safe; 1% risk of failure)
Press: ? - help, Shift-Dir - straight line, f - yak, p - cane toad
Aim: a yak (87% to hit)
You feel a surge of power!
The stone arrow hits the yak!
The yak is heavily wounded.
The yak gores you but does no damage. The cane toad stings you!
* * * LOW HITPOINT WARNING * * *
Casting: Stone Arrow (safe; 1% risk of failure)
Confirm with . or Enter, or press ? or * to list all spells.
Aiming: Sandblast (safe; 1% risk of failure)
Press: ? - help, Shift-Dir - straight line, f/p - yak
Aim: a yak (heavily wounded, 91% to hit)
The blast of sand hits the yak!
The yak is almost dead.
The cane toad stings you but does no damage.
The yak gores you but does no damage. The cane toad stings you!
You die...

#### ### ##.P###.#
###.†...#.####
######.#.†........#
.........#.#..##.##
......#.....#†.##.#
......##....##..#.###
......##.....#.##F..#
......##....####♣#..#
......####..# ##Y..#
.#....# #.## #...#
#.....## .# #...#
#.....P# ...Y......#
##.....###.Y......#.#
##.....#P.#.........#
P....####............
...^.##
#...........(.


You could see a yak and a cane toad.

Vanquished Creatures
  A hydra (Lair:2)
  A two-headed ogre (D:6)
  A pharaoh ant (Lair:2)
  An ugly thing (D:11)
  A cyclops (D:11)
  6 elephants
  A manticore (D:11)
  Maurice (D:8)
  A black mamba (Lair:2)
  A rime drake (Lair:1)
  7 cane toads
  3 kobold demonologists
  9 komodo dragons
  2 unseen horrors
  Sigmund (D:3)
  A wraith (D:11)
  A shadow (D:11)
  A vampire (D:6)
  A basilisk (Lair:1)
  22 yaks
  Menkaure (D:5)
  Grum (D:8)
  3 redbacks (Lair:2)
  2 vampire mosquitoes (D:10)
  An acid dragon (D:11)
  5 water moccasins
  3 orc warriors
  A sky beast (D:7)
  4 black bears
  An ice beast (D:7)
  26 wolves
  3 centaurs
  A phantom (D:6)
  6 kobold brigands
  9 bullfrogs
  A gnoll sergeant (D:8)
  5 scorpions
  A necrophage (D:7)
  9 wights
  14 killer bees
  A howler monkey (D:6)
  A bullfrog zombie (D:5)
  4 hounds
  A jelly (D:6)
  4 gnoll boudas
  3 orc priests
  4 hell rats (Lair:1)
  3 iguanas
  4 orc wizards
  22 gnolls
  6 adders
  A shadow imp (D:6)
  3 white imps
  3 ufetubi
  2 worms
  An adder zombie (D:5)
  2 dart slugs (D:4)
  29 orcs
  4 ball pythons
  4 bats (D:1)
  5 endoplasms
  10 giant cockroaches
  3 goblins
  8 hobgoblins
  5 jackals
  30 kobolds
  7 quokkas
  6 frilled lizards
  7 rats
343 creatures vanquished.

Vanquished Creatures (others)
  8 fungi
  3 plants
11 creatures vanquished.

Grand Total: 354 creatures vanquished

Notes
Turn   | Place    | Note
-------+----------+-------------------------------------------
     0 | D:1      | Nacht the Demonspawn Earth Elementalist began the quest for
                  | the Orb.
     0 | D:1      | Reached XP level 1. HP: 13/13 MP: 3/3
   158 | D:1      | Gained mutation: You are partially covered in slimy green
                  | scales. (AC +2) [demonic ancestry]
   158 | D:1      | Reached XP level 2. HP: 19/19 MP: 3/5
  1150 | D:2      | Reached XP level 3. HP: 20/24 MP: 0/6
  1626 | D:2      | Learned a level 3 spell: Stone Arrow
  1629 | D:2      | Learned a level 2 spell: Passwall
  1920 | D:3      | Reached skill level 1 in Conjurations
  1920 | D:3      | Reached XP level 4. HP: 29/30 MP: 3/7
  2153 | D:3      | Noticed Sigmund
  2177 | D:3      | Killed Sigmund
  2178 | D:3      | Reached XP level 5. HP: 20/35 MP: 2/9
  2311 | D:3      | Gained mutation: You regenerate a little health from kills.
                  | [demonic ancestry]
  2311 | D:3      | Reached XP level 6. HP: 41/41 MP: 7/10
  3023 | D:4      | Found a sparkling altar of Nemelex Xobeh.
  3394 | D:4      | Reached skill level 5 in Earth Magic
  3732 | D:4      | Found a hazy altar of Hepliaklqana.
  4145 | D:5      | Entered Level 5 of the Dungeon
  4175 | D:5      | Gained mutation: You regenerate health from kills. [demonic
                  | ancestry]
  4175 | D:5      | Reached XP level 7. HP: 46/46 MP: 5/12
  4268 | D:5      | Found an ornate altar of the Wu Jian Council.
  4367 | D:5      | Noticed a yak
  4368 | D:5      | Noticed a vampire mosquito
  4408 | D:5      | Found a stormy altar of Qazlal.
  4494 | D:5      | Found an ancient bone altar of Kikubaaqudgha.
  4545 | D:5      | Reached skill level 5 in Conjurations
  4613 | D:5      | Found a sacrificial altar of Ru.
  4620 | D:5      | Noticed Menkaure
  4627 | D:5      | Killed Menkaure
  4910 | D:5      | Identified the ring "Teorixiw" {rF+ Int+3 Dex+4 Stlth+}
  4915 | D:5      | Found a runed translucent gate.
  4926 | D:5      | Found a runed translucent gate.
  4927 | D:5      | Found a runed translucent gate.
  4929 | D:5      | Noticed cforsyth's ghost (amateur KoBr)
  4931 | D:5      | Identified the +1 ring mail "Vaemabro" {rF- rCorr Str+2}
  5102 | D:5      | Found a runed translucent gate.
  5102 | D:5      | Found a runed translucent gate.
  5102 | D:5      | Found a runed translucent gate.
  5102 | D:5      | Noticed zenocrate's ghost (novice TrFi)
  5104 | D:5      | Found a basalt altar of Yredelemnul.
  5375 | D:6      | Noticed a two-headed ogre
  5392 | D:6      | Killed a two-headed ogre
  5393 | D:6      | Reached skill level 5 in Spellcasting
  5393 | D:6      | Gained mutation: Your touch may inflict minor irresistible
                  | damage on your foes. [demonic ancestry]
  5393 | D:6      | Reached XP level 8. HP: 38/52 MP: 0/15
  5977 | D:6      | Gained mutation: You sometimes gain a little power by
                  | taking damage. [demonic ancestry]
  5977 | D:6      | Reached XP level 9. HP: 20/55 MP: 0/17
  6206 | D:6      | Found an iron altar of Okawaru.
  6635 | D:6      | Noticed a kobold demonologist
  6639 | D:6      | Killed a kobold demonologist
  7281 | D:6      | Found a staircase to the Ecumenical Temple.
  7529 | D:6      | Found a runed translucent door.
  7530 | D:6      | Noticed Crazy Yiuf
  7617 | D:7      | Found a shimmering altar of Xom.
  8657 | D:7      | Killed an unseen horror
  8658 | D:7      | Reached XP level 10. HP: 63/63 MP: 14/21
  8738 | D:7      | Found a runed translucent gate.
  8739 | D:7      | Found a runed translucent gate.
  8741 | D:7      | Found a runed translucent gate.
  8745 | D:7      | Noticed demibob's ghost (novice TrBe)
  8745 | D:7      | Noticed Likado's ghost (novice MfSu)
  8748 | D:7      | Found Cameasau's General Store.
  9765 | Temple   | Entered the Ecumenical Temple
  9775 | Temple   | Became a worshipper of Vehumet
  9929 | D:8      | Noticed Maurice
  9939 | D:8      | Killed Maurice
 10687 | D:8      | Noticed Grum
 10698 | D:8      | Killed Grum
 11087 | D:9      | Found a bloodstained altar of Trog.
 11111 | D:9      | Reached * piety under Vehumet
 11111 | D:9      | Offered knowledge of Freeze by Vehumet.
 11443 | D:9      | Found a staircase to the Lair.
 11468 | D:9      | Found a broken altar of Ashenzari.
 11687 | D:10     | Entered Level 10 of the Dungeon
 11790 | D:10     | Reached skill level 10 in Conjurations
 11954 | D:10     | Offered knowledge of Foxfire by Vehumet.
 11960 | D:10     | Reached ** piety under Vehumet
 11961 | D:10     | Reached XP level 11. HP: 68/68 MP: 18/23
 12238 | D:10     | Identified the +6 sling of Agony {antimagic, rN+}
 12671 | D:10     | Reached skill level 10 in Earth Magic
 13129 | D:11     | Noticed a brown ugly thing
 13137 | D:11     | Killed a brown ugly thing
 13273 | D:11     | Found a transporter.
 13274 | D:11     | Found a transporter.
 13276 | D:11     | Found a transporter.
 14122 | D:11     | Found a transporter.
 14352 | D:11     | Paralysed by you for 4 turns
 14552 | D:11     | Offered knowledge of Frozen Ramparts by Vehumet.
 15036 | Lair:1   | Entered Level 1 of the Lair of Beasts
 15092 | Lair:1   | Reached skill level 10 in Spellcasting
 15538 | Lair:1   | Reached *** piety under Vehumet
 15968 | Lair:1   | Offered knowledge of Fulminant Prism by Vehumet.
 15973 | Lair:1   | Reached XP level 12. HP: 52/74 MP: 10/26
 16932 | Lair:2   | Found a hole to the Spider Nest.
 17491 | Lair:2   | Reached **** piety under Vehumet
 17577 | Lair:2   | Offered knowledge of Airstrike by Vehumet.
 17865 | Lair:2   | Noticed a seven-headed hydra
 17872 | Lair:2   | Killed a seven-headed hydra
 18194 | Lair:2   | Reached skill level 1 in Fighting
 18207 | Lair:2   | Slain by a cane toad

Illustrated notes

Levels and vault maps discovered:
D:1:      dpeg_arrival_central, layout_basic, minmay_unequal
D:2:      layout_basic
D:3:      layout_loops_corners, uniq_sigmund
D:4:      layout_cave_pods, mainiacjoe_overflow_alcove_4,
          nicolae_overflow_crystal_walls, gup_sewer_entry_pipe
D:5:      layout_basic, mainiacjoe_overflow_paths,
          nicolae_yredelemnul_ghost_church, mainiacjoe_overflow_six_doors_small,
          pdpol_wu_jian_five_deadly_venoms, mainiacjoe_overflow_chevrons,
          biasface_ghost_orc_armoury, lightli_corner_chamber, uniq_menkaure
D:6:      layout_basic, mainiacjoe_overflow_24_doors, temple_doors_e,
          nicolae_kite_square_tiling_tiny, hangedman_minor_gate_pass,
          uniq_crazy_yiuf_cottage
D:7:      layout_loops_corners, tgw_xom, serial_shops,
          nicolae_shop_temple_entry_statues_fountains, gammafunk_ghost_cemetery,
          nicolae_concentric_dashed_squares_mild
D:8:      layout_rooms, lemuel_tele_altar, uniq_maurice, uniq_grum
D:9:      layout_rooms, mainiacjoe_overflow_cross_hatched,
          ashenzari_conservatory_becter, lair_entry_dummy
D:10:     layout_stronghold
D:11:     layout_loops_ring, nicolae_diode_quadrants
D:12:     nzn_winding_woodlands_large [nzn_winding_woodlands_hourglass,
          nzn_winding_woodlands_5x15_default,
          nzn_winding_woodlands_5x5_open_star,
          nzn_winding_woodlands_center_pierced_h,
          nzn_winding_woodlands_15x15_five_gardens,
          nzn_winding_woodlands_center_triple_pond,
          nzn_winding_woodlands_5x5_perimeter,
          nzn_winding_woodlands_5x15_zeroes, nzn_winding_woodlands_5x5_cross],
          layout_irregular_city, nicolae_specific_store
Temple:   nicolae_temple_two_arcs
Lair:1:   wander_river, layout_regular_city, beast_lair_carwin_6
Lair:2:   layout_cellular_growth, nicolae_spider_entry_lesser_pyramids,
          beast_lair_carwin_10

Skill      XL: |  1  2  3  4  5  6  7  8  9 10 11 12 |
---------------+-------------------------------------+-----
Earth Magic    | 3 4 5 6 7 8 9 11 12 | 12.0
Conjurations   | 1 3 4 6 7 8 10 11 12 | 12.0
Spellcasting   | 3 5 7 8 10 12 | 12.0
Dodging        | 2 |  2.4
Fighting       | 1 |  1.6
Stealth        | |  1.7
Transmutations | |  0.8

Action                     |  1- 3 |  4- 6 |  7- 9 | 10-12 || total
---------------------------+-------+-------+-------+-------++-------
  Melee: Unarmed           |     6 |       |       |       ||     6
         Short sword       |       |       |     4 |     6 ||    10
         Touch             |       |       |     2 |     4 ||     6
         Staff             |       |       |       |     6 ||     6
   Cast: Sandblast         |    54 |    93 |    61 |   179 ||   387
         Stone Arrow       |       |       |    84 |   264 ||   348
    Use: Potion            |     1 |     2 |       |     7 ||    10
         Scroll            |       |       |     2 |    13 ||    15
 Armour: Robe              |     5 |       |       |       ||     5
         Leather armour    |       |    12 |    10 |   103 ||   125
         Skin              |       |       |       |    16 ||    16
  Dodge: Dodged            |    18 |    39 |    40 |   292 ||   389

Table legend: (Time is in decaauts)
 A = Elapsed time spent in this place.
 B = Non-inter-level travel time spent in this place.
 C = Inter-level travel time spent in this place.
 D = Time resting spent in this place.
 E = Time spent auto-exploring this place.
 F = Levels seen in this place.
 G = Mean time per level.
                   A        B        C        D        E       F      G
               +--------+--------+--------+--------+--------+-----+--------+
         Total |  18394 |  16986 |   1408 |    268 |  14380 |  15 | 1226.3 |
       Dungeon |  15200 |  13844 |   1356 |    268 |  11680 |  12 | 1266.7 |
        Temple |     18 |     18 |      0 |      0 |      0 |   1 |   18.0 |
          Lair |   3175 |   3124 |     51 |      0 |   2700 |   2 | 1587.5 |
               +--------+--------+--------+--------+--------+-----+--------+

Top non-repeatable levels by time:
     D:7: 2619 daAuts
  Lair:1: 2152 daAuts
     D:6: 1919 daAuts
    D:11: 1666 daAuts
     D:5: 1589 daAuts
    D:10: 1577 daAuts
     D:4: 1165 daAuts
     D:3: 1127 daAuts
     D:1: 1103 daAuts
  Lair:2: 1022 daAuts
     D:2: 827 daAuts
     D:8: 784 daAuts
     D:9: 699 daAuts
    D:12: 120 daAuts
  Temple: 18 daAuts
